 Dungeon Crawl Stone Soup version 0.30.1-9-gdf580d7c3d (webtiles) character file.

Game seed: 8413166044613974762

13 lonewolfV2 the Trooper (level 2, -2/24 HPs)
             Began as a Demonspawn Fighter on Oct 24, 2023.
             Slain by Natasha (4 damage)
             ... on level 2 of the Dungeon.
             The game lasted 00:01:07 (761 turns).

lonewolfV2 the Trooper (Demonspawn Fighter)          Turns: 761, Time: 00:01:08

Health: -2/24      AC:  7    Str: 16    XL:     2   Next: 24%
Magic:  3/3        EV:  8    Int:  9    God:
Gold:   47         SH:  4    Dex: 12    Spells: 2/2 levels left

rFire   . . .        a - +0 war axe
rCold   . . .        c - +0 buckler
rNeg    . . .        b - +0 scale mail
rPois   .            (helmet restricted)
rElec   .            (no cloak)
rCorr   .            (no gloves)
SInv    .            f - +0 pair of boots
Will    .....        (no amulet) Stlth
                     (no ring)
HPRegen 0.24/turn    (no ring)
MPRegen 0.08/turn

%: no passive effects
@: mighty
A: horns 1
a: no special abilities


You were on level 2 of the Dungeon.
You visited 1 branch of the dungeon, and saw 2 of its levels.

You collected 47 gold pieces.

Inventory:

Hand Weapons
 a - a +0 war axe (weapon)
Armour
 b - a +0 scale mail (worn)
 c - a +0 buckler (worn)
 f - a +0 pair of boots (worn)
Potions
 e - a potion of degeneration {unknown}
 g - a potion of heal wounds {unknown}


   Skills:
 + Level 3.2 Fighting
 + Level 2.1 Axes
 - Level 2.6 Armour
 - Level 2.6 Shields
 + Level 0.9 Spellcasting


You had 2 spell levels left.
You didn't know any spells.
Your spell library was empty.

Dungeon Overview and Level Annotations

Branches:
Dungeon (2/15)

Altars:
Fedhas

Annotations:
D:2 Natasha


Innate Abilities, Weirdness & Mutations

You have a pair of small horns on your head.


Message History

Something claws you but does no damage. Something claws you.
You miss something. Something claws you. x2
You hit something. Your headbutt misses something.
Something claws you but does no damage.
You miss something.
You hear some strange, mumbled words.
A magic dart appears from out of thin air!
The magic dart hits you. Something claws you.
* * * LOW HITPOINT WARNING * * *
You miss something. Your headbutt misses something.
Something claws you but does no damage.
You closely miss something. Your headbutt misses something.
Something claws you.
* * * LOW HITPOINT WARNING * * *
You hear some strange, mumbled words.
You barely miss something. Your headbutt misses something.
You barely miss the cerulean imp. Something claws you but does no damage.
The cerulean imp barely misses you.
You hit something. You slash the cerulean imp! Something claws you.
* * * LOW HITPOINT WARNING * * *
The cerulean imp barely misses you. Something claws you.
* * * LOW HITPOINT WARNING * * *
You feel very mighty all of a sudden. The cerulean imp barely misses you.
Something claws you but does no damage.
You barely miss something. You miss the cerulean imp.
The cerulean imp hits you with a +1 spear.
* * * LOW HITPOINT WARNING * * *
Something claws you but does no damage. The cerulean imp barely misses you.
You barely miss something. Your headbutt misses something.
You closely miss the cerulean imp. Something claws you but does no damage.
You block the cerulean imp's attack. You block something's attack.
You closely miss something. You slash the cerulean imp!
You kill the cerulean imp!
The cerulean imp disappears in a puff of smoke!
Something claws you but does no damage.
You miss something. Your headbutt misses something.
Something completely misses you.
You miss something. Your headbutt misses something. Something claws you.
You die...

#.### ... ####..#...
#..... ... #..###.
##<.... #.# #..# ..
....... #.#.######..#
##
.......##$#.........#
......[...########.##
#.... #............#
#.....#{...........#
#......@._.........#
.#...#............##
.... ##...........#
#. ###.........#
#.####.#### ...# #.#
##### #.# #.# ..#


There were no monsters in sight!

Vanquished Creatures
  2 endoplasms (D:1)
  A goblin (D:2)
  3 hobgoblins (D:1)
  A kobold (D:1)
  A quokka (D:1)
  A ball python (D:1)
  2 rats (D:1)
11 creatures vanquished.

Notes
Turn   | Place    | Note
-------+----------+-------------------------------------------
     0 | D:1      | lonewolfV2 the Demonspawn Fighter began the quest for the
                  | Orb.
     0 | D:1      | Reached XP level 1. HP: 18/18 MP: 1/1
   323 | D:1      | Gained mutation: You have a pair of small horns on your
                  | head. [demonic ancestry]
   323 | D:1      | Reached XP level 2. HP: 20/24 MP: 1/3
   737 | D:2      | Found a blossoming altar of Fedhas.
   743 | D:2      | Noticed Natasha
   755 | D:2      | HP: 1/24 [something (2)]
   761 | D:2      | Slain by Natasha

Illustrated notes

Levels and vault maps discovered:
D:1:      zaba_arrival_water, layout_loops_cross
D:2:      layout_basic, basic_altar, shapermc_ecumenical_altar_ellora,
          uniq_sigmund, uniq_robin, uniq_natasha, uniq_crazy_yiuf_cottage

Skill      XL: |  1 |
---------------+----+-----
Axes           | 2 |  2.1
Fighting       | |  3.2
Armour         | |  2.6
Shields        | |  2.6
Spellcasting   | |  0.9

Action                     || total
---------------------------++-------
  Melee: War axe           ||    45
    Use: Potion            ||     1
 Armour: Scale mail        ||    20
  Dodge: Dodged            ||    18
  Block: Buckler           ||     8
